 Seeded DCSS version 0.30-a0-793-g160f7cfddd (webtiles) character file.

Game seed: 2869265305504195120 (custom seed)

2741 timneilson the Covered (level 9, -7/54 HPs)
             Began as a Gargoyle Fighter on Feb 19, 2023.
             Was a Priest of Okawaru.
             Mangled by a spriggan
             ... wielding a +0 trident
              (14 damage)
             ... in a bailey.
             The game lasted 00:13:04 (5563 turns).

timneilson the Covered (Gargoyle Fighter)           Turns: 5563, Time: 00:13:05

Health: -7/54      AC: 18    Str: 21    XL:     9   Next: 68%
Magic:  11/11      EV:  8    Int:  8    God:    Okawaru [***...]
Gold:   266        SH:  7    Dex: 13    Spells: 8/8 levels left

rFire   . . .      SeeInvis .    h - +3 demon blade (drain)
rCold   . . .      Faith    .    c - +1 buckler
rNeg    + . .      Spirit   .    l - +0 chain mail
rPois   ∞          Reflect  .    (no helmet)
rElec   +          Harm     .    (no cloak)
rCorr   +          Rampage  .    n - +0 pair of gloves
Will    .....                    (no boots) Stlth
                                 (no amulet)
HPRegen 0.29/turn                e - ring of resist corrosion
MPRegen 0.12/turn                (no ring)

@: no status effects
A: sickness immunity, AC +6, negative energy resistance 1, electricity
resistance, torment resistance 1, petrification resistance
a: Renounce Religion, Heroism


You were in a bailey.
You worshipped Okawaru.
Okawaru was most pleased with you.
You visited 2 branches of the dungeon, and saw 8 of its levels.
You also visited: Ossuary and Bailey.

You collected 266 gold pieces.

Inventory:

Hand Weapons
 a - a +0 long sword
 h - a +3 demon blade of draining (weapon)
Armour
 c - a +1 buckler (worn)
 l - a +0 chain mail (worn)
 n - a +0 pair of gloves (worn)
Jewellery
 e - a ring of resist corrosion (left hand)
 i - a ring of fire
Wands
 p - a wand of flame (29)
Scrolls
 m - a scroll of enchant armour
 o - 2 scrolls of fear
 t - a scroll of magic mapping
 v - 2 scrolls of enchant weapon
Potions
 b - 7 potions of mutation
 d - 2 potions of might
 f - a potion of cancellation
 j - 3 potions of brilliance
 k - 4 potions of curing
 q - 2 potions of invisibility
 r - a potion of magic {unknown}
 s - a potion of ambrosia
 u - a potion of lignification
 w - 2 potions of attraction


   Skills:
 + Level 5.5 Fighting
 * Level 5.7 Long Blades
 * Level 7.4 Armour
 + Level 3.1 Dodging
 * Level 7.4 Shields
 + Level 3.5 Invocations
 + Level 3.0 Evocations


You had 8 spell levels left.
You didn't know any spells.
Your spell library contained the following spells:

 Spells                   Type           Power      Damage    Failure   Level
 Sandblast                Erth           0%         2d4       99%         1
 Passwall                 Tmut/Erth      0%         N/A       99%         2
 Stone Arrow              Conj/Erth      0%         3d7       100%        3
 Petrify                  Tmut/Erth      0%         N/A       100%        4
 Irradiate                Conj/Tmut      0%         3d11      100%        5
 Sublimation of Blood     Necr           Unusable   N/A       N/A         2

Dungeon Overview and Level Annotations

Branches:
Dungeon (7/15)             Temple (1/1) D:4         Ossuary (visited)
 Bailey (1/1)

Altars:
Ashenzari
Cheibriados
Elyvilon
Fedhas
Gozag
Hepliaklqana
Kikubaaqudgha
Makhleb
Nemelex Xobeh
Okawaru
Qazlal
Ru
Sif Muna
Trog
Vehumet
Wu Jian
Xom
Yredelemnul
Zin
The Shining One

Shops:
D:3 (((:   D:7 [(


Innate Abilities, Weirdness & Mutations

You are immune to sickness and miasma.
Your stone body is resilient. (AC +6)
You are immune to poison.
You resist negative energy. (rN+)
You are resistant to electric shocks. (rElec)
You are resistant to unholy torment.
You are immune to petrification.


Message History

You hit the spriggan. You drain the spriggan.
The spriggan is moderately wounded.
The spriggan hits you but does no damage.
The spriggan barely misses you.
You closely miss the spriggan.
The spriggan is moderately wounded.
You feel like a meek peon again.
You closely miss the spriggan.
The spriggan is moderately wounded.
The spriggan closely misses you.
The spriggan hits you with a +0 trident.
The spriggan hits you but does no damage.
You miss the spriggan.
The spriggan is moderately wounded.
The spriggan hits you with a +0 trident!
The spriggan hits you but does no damage.
You barely miss the spriggan.
The spriggan is moderately wounded.
The spriggan hits you with a +0 trident.
You block the spriggan's attack.
You barely miss the spriggan.
The spriggan is moderately wounded.
The spriggan hits you but does no damage.
You block the spriggan's attack.
You slash the spriggan!
The spriggan is severely wounded.
The spriggan hits you but does no damage.
The spriggan barely misses you.
You slash the spriggan!
The spriggan is almost dead.
The spriggan closely misses you.
The spriggan hits you but does no damage.
The spriggan hits you with a +0 trident.
* * * LOW HITPOINT WARNING * * *
You barely miss the spriggan.
The spriggan is almost dead.
The spriggan hits you with a +0 trident!
* * * LOW HITPOINT WARNING * * *
The spriggan hits you with a +0 trident!
You die...

######
#......
##.......
##....i~~.
##..#
##.)##
#i@## #.i#
#..# #..#
#..♣ #..#
#..♣#
##..##
##..♣# #.


You could see 2 spriggans.

Vanquished Creatures
  A deep elf zephyrmancer (D:6)
  Joseph (D:7)
  A spriggan (Bailey)
  Pargi (D:3)
  A black bear (D:4)
  4 ogres
  2 phantoms
  A kobold brigand (D:6)
  A bullfrog (D:6)
  2 scorpions
  A necrophage (D:5)
  5 wights (D:7)
  A hound (D:4)
  2 jellies
  A human zombie (Ossuary)
  An orc priest (D:5)
  Natasha (thrice) (D:3)
  2 iguanas
  An orc wizard (D:7)
  3 mummies (Ossuary)
  6 adders
  3 gnolls (D:3)
  2 shadow imps
  A white imp (D:5)
  An ufetubus (D:7)
  2 worms
  5 dart slugs
  22 orcs
  3 endoplasms (D:3)
  A giant cockroach (D:1)
  12 goblins
  5 hobgoblins
  5 jackals
  11 kobolds
  4 quokkas
  10 ball pythons
  4 bats
  6 frilled lizards
  2 gnoll zombies (Ossuary)
  A goblin zombie (Ossuary)
  A hobgoblin zombie (Ossuary)
  2 kobold zombies (Ossuary)
  An orc zombie (Ossuary)
  8 rats
153 creatures vanquished.

Vanquished Creatures (others)
  4 plants (D:7)
4 creatures vanquished.

Grand Total: 157 creatures vanquished

Notes
Turn   | Place    | Note
-------+----------+-------------------------------------------
     0 | D:1      | timneilson the Gargoyle Fighter began the quest for the
                  | Orb.
     0 | D:1      | Reached XP level 1. HP: 14/14 MP: 1/1
   134 | D:1      | Reached XP level 2. HP: 19/19 MP: 2/2
   584 | D:1      | Reached XP level 3. HP: 23/23 MP: 3/3
  1323 | D:2      | Identified the +6 quarterstaff "Daifyann" {elec, +Blink
                  | rPois Dex+2}
  1409 | D:2      | Reached XP level 4. HP: 28/28 MP: 4/4
  1678 | D:2      | Identified a scroll of acquirement
  1678 | D:2      | Acquired a +2 demon blade of draining
  1767 | D:3      | Noticed Natasha
  1772 | D:3      | Killed Natasha
  1826 | D:3      | Reached XP level 5. HP: 29/33 MP: 5/5
  1830 | D:3      | Reached skill level 1 in Dodging
  1830 | D:3      | Found Ygeghuah's Antique Weapon Boutique.
  1973 | D:3      | Noticed Natasha
  1979 | D:3      | Killed Natasha
  2144 | D:3      | Noticed Pargi
  2155 | D:3      | Killed Pargi
  2156 | D:3      | Reached XP level 6. HP: 32/38 MP: 6/6
  2187 | D:3      | Found Haokleeh's Weapon Shoppe.
  2198 | D:3      | Noticed Natasha
  2201 | D:3      | Found Zyidd's Antique Weapon Emporium.
  2207 | D:3      | Killed Natasha
  2339 | D:3      | Found Wuiraulo's Book Shoppe.
  2833 | D:4      | Found a staircase to the Ecumenical Temple.
  2842 | Temple   | Entered the Ecumenical Temple
  2893 | Temple   | Became a worshipper of Warmaster Okawaru
  3122 | D:4      | Found a basalt altar of Yredelemnul.
  3122 | D:4      | Found an opulent altar of Gozag.
  3124 | D:4      | Found a shimmering altar of Xom.
  3316 | D:4      | Noticed a black bear
  3320 | D:4      | Killed a black bear
  3321 | D:4      | Reached skill level 5 in Armour
  3321 | D:4      | Reached skill level 5 in Shields
  3321 | D:4      | Reached XP level 7. HP: 36/43 MP: 7/7
  3561 | D:5      | Entered Level 5 of the Dungeon
  3613 | D:5      | Found a sand-covered staircase.
  3617 | Ossuary  | Entered an ossuary
  3799 | Ossuary  | Reached skill level 1 in Invocations
  3799 | Ossuary  | Reached skill level 1 in Evocations
  3897 | D:5      | You fall into a shaft and drop 1 floor!
  3994 | D:6      | Reached * piety under Okawaru
  4033 | D:6      | Identified the +1 robe of the Five Beds {Dex+3}
  4138 | D:5      | Reached XP level 8. HP: 38/48 MP: 9/9
  4541 | D:6      | Reached ** piety under Okawaru
  5140 | D:6      | Noticed a deep elf zephyrmancer
  5152 | D:6      | Killed a deep elf zephyrmancer
  5153 | D:6      | Reached skill level 5 in Fighting
  5153 | D:6      | Reached skill level 5 in Long Blades
  5153 | D:6      | Reached XP level 9. HP: 41/54 MP: 8/11
  5257 | D:7      | Found Elaex's Antique Armour Emporium.
  5270 | D:7      | Found Fipsut's Weapon Shop.
  5296 | D:7      | Noticed Joseph
  5318 | D:7      | Killed Joseph
  5318 | D:7      | Reached *** piety under Okawaru
  5392 | D:7      | Found a flagged portal.
  5409 | Bailey   | Entered a bailey
  5540 | Bailey   | HP: 1/54 [spriggan/+0 trident (10)]
  5548 | Bailey   | HP: 1/54 [spriggan/+0 trident (13)]
  5563 | Bailey   | Mangled by a spriggan

Illustrated notes

Levels and vault maps discovered:
D:1:      nagdon_arrival_double_spiral, layout_basic
D:2:      layout_loops_ring, serial_bayou_pond_d, minmay_pentomino_z4
D:3:      layout_loops_ring, serial_shops, shop, shop, shop,
          nicolae_diamond_shop, uniq_natasha, uniq_pargi
D:4:      layout_loops_cross, chequers_temple_overflow_statue_of_worship,
          minmay_temple_entry_drinking_statues, serial_forest,
          infiniplex_forest_clump_double, infiniplex_forest_lined_2,
          infiniplex_forest_lined_2, infiniplex_forest_fountain,
          infiniplex_forest_end_3, infiniplex_forest_clump_medium,
          infiniplex_forest_clump_medium, infiniplex_forest_lined_2,
          uniq_crazy_yiuf_cottage
D:5:      layout_rooms, enter_ossuary_5
D:6:      layout_basic, guppyfry_early_elven_hall
D:7:      layout_loops_ring, enter_bailey_3, serial_shops, shop,
          nicolae_shop_overgrown_old_shop, shop, uniq_joseph
Temple:   minmay_crystal_spiral_temple
Bailey:   bailey_polearm_enchanted_keep_hellmonk, bailey

Skill      XL: |  1  2  3  4  5  6  7  8  9 |
---------------+----------------------------+-----
Long Blades    | 2 3 4 5 |  5.7
Shields        | 4 5 6 7 |  7.4
Armour         | 4 5 6 7 |  7.4
Dodging        | 1 2 3 |  3.1
Fighting       | 4 5 |  5.5
Invocations    | 1 2 3 |  3.5
Evocations     | 1 2 3 |  3.0

Action                     |  1- 3 |  4- 6 |  7- 9 || total
---------------------------+-------+-------+-------++-------
  Melee: Long sword        |   142 |    19 |       ||   161
         Demon blade       |       |    89 |   266 ||   355
 Invoke: Heroism           |       |       |     3 ||     3
    Use: Scroll            |       |    10 |    11 ||    21
         Potion            |       |       |     5 ||     5
 Armour: Scale mail        |    63 |       |       ||    63
         Chain mail        |    13 |    80 |   128 ||   221
  Dodge: Dodged            |    60 |    29 |   101 ||   190
  Block: Buckler           |    37 |    33 |    86 ||   156

Table legend: (Time is in decaauts)
 A = Elapsed time spent in this place.
 B = Non-inter-level travel time spent in this place.
 C = Inter-level travel time spent in this place.
 D = Time resting spent in this place.
 E = Time spent auto-exploring this place.
 F = Levels seen in this place.
 G = Mean time per level.
                   A        B        C        D        E       F      G
               +--------+--------+--------+--------+--------+-----+--------+
         Total |   5656 |   5406 |    250 |    156 |   3655 |  10 |  565.6 |
       Dungeon |   5013 |   4846 |    167 |     57 |   3420 |   7 |  716.1 |
        Temple |    208 |    125 |     83 |      0 |    103 |   1 |  208.0 |
       Ossuary |    279 |    279 |      0 |     10 |    132 |   1 |  279.0 |
        Bailey |    154 |    154 |      0 |     89 |      0 |   1 |  154.0 |
               +--------+--------+--------+--------+--------+-----+--------+

Top non-repeatable levels by time:
     D:1: 963 daAuts
     D:3: 961 daAuts
     D:6: 906 daAuts
     D:2: 825 daAuts
     D:4: 672 daAuts
     D:5: 496 daAuts
 Ossuary: 279 daAuts
  Temple: 208 daAuts
     D:7: 188 daAuts
  Bailey: 154 daAuts
